 Dungeon Crawl Stone Soup version 0.30-a0-737-gf23d94013f (webtiles) character file.

Game seed: 9041020260570763854

660 sanka the Chopper (level 7, -1/52 HPs)
             Began as a Mummy Monk on Feb 2, 2023.
             Killed from afar by Ijyb (8 damage)
             ... with an iceblast
             ... on level 5 of the Dungeon.
             The game lasted 00:07:32 (4021 turns).

sanka the Chopper (Mummy Monk)                      Turns: 4021, Time: 00:07:33

Health: -1/52      AC:  8    Str: 16    XL:     7   Next: 30%
Magic:  7/7        EV: 10    Int: 10    God:
Gold:   207        SH:  0    Dex: 14    Spells: 6/6 levels left

rFire   . . .      SeeInvis .    a - +1 hand axe
rCold   + . .      Faith    +    (no shield)
rNeg    + + +      Spirit   .    c - +0 scale mail
rPois   ∞          Reflect  .    (no helmet)
rElec   .          Harm     .    m - +1 cloak
rCorr   .          Rampage  .    (no gloves)
Will    .....                    (no boots) Stlth
                                 (no amulet)
HPRegen 0.28/turn                j - ring of protection from fire
MPRegen 0.10/turn                (no ring)

@: no status effects
A: cold resistance 1, negative energy resistance 3, torment resistance 2, heat
vulnerability 1, in touch with death 1, no potions, faith
a: no special abilities


You were on level 5 of the Dungeon.
You visited 1 branch of the dungeon, and saw 5 of its levels.

You collected 207 gold pieces.


Innate Abilities, Weirdness & Mutations

You are immune to poison.
Your flesh is cold resistant. (rC+)
You are immune to negative energy. (rN+++)
You are immune to unholy pain and torment.
You are vulnerable to heat. (rF-)
You are in touch with the powers of death.
You do not drink.
You have a special connection with the divine. (Faith)


   Skills:
 - Level 3.0 Fighting
 + Level 7.1 Axes
 - Level 2.4 Dodging
 - Level 1.5 Stealth


You had 6 spell levels left.
You didn't know any spells.
Your spell library contained the following spells:

 Spells                   Type           Power      Damage    Failure   Level
 Gell's Gravitas          Tloc           0%         N/A       99%         3
 Ignite Poison            Fire/Tmut/Pois 0%         N/A       99%         3
 Ozocubu's Armour         Ice            0%         N/A       99%         3
 Teleport Other           Tloc           0%         N/A       99%         3
 Sticky Flame             Conj/Fire      0%         2d3       100%        4
 Metabolic Englaciation   Hex/Ice        0%         N/A       100%        5
 Dispersal                Tloc           0%         N/A       100%        6
 Simulacrum               Ice/Necr       0%         N/A       100%        6
 Ignition                 Fire           0%         3d3       100%        8

Inventory:

Hand Weapons
 a - a +1 hand axe (weapon)
Missiles
 p - 2 throwing nets {=f}
Armour
 b - a +0 robe
 c - a +0 scale mail (worn)
 l - a +0 chain mail
 m - a +1 cloak (worn)
Magical Staves
 h - a staff of air
Jewellery
 j - a ring of protection from fire (left hand)
Wands
 n - a wand of paralysis (20)
 r - a wand of mindburst (2)
Scrolls
 d - 2 scrolls of amnesia
 i - a scroll of teleportation {@r4}
 k - a scroll of blinking
 o - a scroll of fog
 q - a scroll of enchant weapon

Dungeon Overview and Level Annotations

Branches:
Dungeon (5/15)
 Temple: D:4-7

Altars:
Trog

Shops:
D:5 **

Annotations:
D:5 Ijyb

▒.)▒▒▒▒▒..▒
.
▒▒▒).)....▒▒
▒....▒▒▒▒.▒
.....▒..▒
▒..▒
....▒▒▒.▒
▒▒.▒ ...▒
▒.▒▒ .▒
.▒▒▒. ▒..▒
.. ▒.▒..▒
▒.. ▒..M.▒
.. ▒...£...▒
▒▒▒▒▒....g.
▒.▒▒▒▒▒▒ .▒▒
. ▒


You could see Ijyb.


Message History

The orc priest hits you with a +0 hand axe.
You slash the orc priest!
The orc priest is almost dead.
The orc priest mumbles some strange prayers to Beogh against you.
Beogh smites you!
* * * LOW HITPOINT WARNING * * *
You hit the orc priest but do no damage.
The orc priest is almost dead.
The orc priest barely misses you.
You hit the orc priest.
You kill the orc priest!
No target in view!
No target in view!
Things that are here:
a +0 hand axe; a +0 leather armour; an orc corpse Ijyb the Twisted Goblin comes into view.
She is wielding a +0 club and carrying a wand of iceblast (6).
Ijyb shouts!
You hear an angry growl.
Ijyb screams, "Level is mine!
All mine!"
Ijyb zaps a wand.
The mass of ice explodes!
The iceblast engulfs you! You partially resist.
* * * LOW HITPOINT WARNING * * *
You hear a shout!
Ijyb zaps a wand.
The mass of ice explodes!
The iceblast engulfs you! You partially resist.
You die...

Action                     |  1- 3 |  4- 6 |  7- 9 || total
---------------------------+-------+-------+-------++-------
  Melee: Hand axe          |   122 |   154 |    34 ||   310
         Punch             |       |       |     1 ||     1
    Use: Scroll            |       |       |     7 ||     7
   Stab: Sleeping          |     1 |       |       ||     1
 Armour: Scale mail        |    63 |    55 |     9 ||   127
  Dodge: Dodged            |    51 |    67 |    11 ||   129

Levels and vault maps discovered:
D:1:      mrwooster_arrival_arrow, layout_loops_cross
D:2:      layout_loops_corners, chequers_serial_rivers_marsh
D:3:      layout_loops_ring
D:4:      layout_gridville
D:5:      layout_layer_cave, lightli_temple_of_fire, portal_sewer_entry_e,
          st_stairs_12, nicolae_specific_store, cheibrodos_gnoll_hut, uniq_ijyb

Notes
Turn   | Place    | Note
-------+----------+-------------------------------------------
     0 | D:1      | sanka the Mummy Monk began the quest for the Orb.
     0 | D:1      | Reached XP level 1. HP: 18/18 MP: 1/1
   194 | D:1      | Reached skill level 3 in Axes
   194 | D:1      | Reached XP level 2. HP: 23/24 MP: 2/2
  1427 | D:2      | Gained mutation: You are in touch with the powers of death.
                  | [Mummy growth]
  1427 | D:2      | Reached XP level 3. HP: 28/29 MP: 3/3
  1809 | D:3      | Reached skill level 4 in Axes
  1809 | D:3      | Reached XP level 4. HP: 27/35 MP: 4/4
  1916 | D:3      | Noticed a necrophage
  1924 | D:3      | Killed a necrophage
  1995 | D:3      | Reached XP level 5. HP: 41/41 MP: 5/5
  2423 | D:4      | Noticed a phantom
  2436 | D:4      | Reached skill level 5 in Axes
  2452 | D:4      | HP: 4/41 [phantom (6)]
  2453 | D:4      | Killed a phantom
  2598 | D:4      | Noticed an ogre
  2662 | D:4      | Reached XP level 6. HP: 47/47 MP: 6/6
  2869 | D:4      | Reached skill level 6 in Axes
  3449 | D:5      | Entered Level 5 of the Dungeon
  3652 | D:5      | Reached XP level 7. HP: 38/52 MP: 7/7
  3657 | D:5      | Found Othryseos's General Store.
  3660 | D:5      | Found Hahyag's Specific Store.
  3730 | D:5      | Found a bloodstained altar of Trog.
  3997 | D:5      | Reached skill level 7 in Axes
  4020 | D:5      | Noticed Ijyb
  4021 | D:5      | Killed from afar by Ijyb

Vanquished Creatures
  A phantom (D:4)
  2 necrophages
  A scorpion (D:3)
  3 orc priests
  A hound (D:4)
  2 iguanas (D:5)
  4 orc wizards
  5 adders
  3 ufetubi
  A dart slug (D:3)
  12 orcs
  7 endoplasms
  2 giant cockroaches
  5 goblins
  4 hobgoblins
  4 kobolds
  A quokka (D:3)
  6 ball pythons
  3 bats
  6 frilled lizards
  2 rats
75 creatures vanquished.
